 Dungeon Crawl Stone Soup version 0.32-a0-891-gc41d80381e (console) character file.

Game seed: 2106432220130617846

307 Kenran the Ruffian (level 6, -6/45 HPs)
             Began as a Minotaur Alchemist on Apr 3, 2024.
             Mangled by an ogre
             ... wielding a +0 giant club
              (29 damage)
             ... on level 4 of the Dungeon.
             The game lasted 00:09:08 (3464 turns).

Kenran the Ruffian (Minotaur Alchemist)             Turns: 3464, Time: 00:09:08

Health: -6/45      AC:  6    Str: 14      XL:     6   Next: 16%
Magic:  7/7        EV:  9    Int: 10 (12) God:
Gold:   197        SH:  0    Dex: 11      Spells: 6/7 levels left

rFire   . .          .
                       - Unarmed
rCold   . . .        (no shield)
rNeg    . . .        c - +0 ring mail
rPois   .            (helmet restricted)
rElec   .            (no cloak)
rCorr   .            g - +0 pair of gloves
SInv    .            (no boots)
Will    .....        (no amulet)
Stlth   +            (no ring)
HPRegen 0.27/turn    (no ring)
MPRegen 0.10/turn

%: no passive effects
@: no status effects
A: horns 2, retaliatory headbutt
a: no special abilities


You were on level 4 of the Dungeon.
You visited 1 branch of the dungeon, and saw 4 of its levels.

You collected 197 gold pieces.

Inventory:

Missiles
 h - a throwing net
Armour
 c - a +0 ring mail (worn)
 g - a +0 pair of gloves (worn)
Jewellery
 i - a ring of fire
Wands
 f - a wand of polymorph (3)
Scrolls
 a - a scroll of noise {!r}
 d - 3 scrolls of identify {@r1}
 j - a scroll of poison {!r}
 k - 2 scrolls of enchant weapon
Potions
 b - 4 potions of magic
 e - a potion of mutation {!q}
 l - a potion of cancellation {unknown}


   Skills:
 - Level 2.1 Dodging
 - Level 1.5 Stealth
 + Level 6.7 Unarmed Combat
 - Level 1.3 Spellcasting
 - Level 0.6 Conjurations
 - Level 2.1 Alchemy


You had 6 spell levels left.
You knew the following spells:

 Your Spells              Type           Power      Damage    Failure   Level
a - Sting                 Conj/Alch      12%        1d3       36%         1

Your spell library contained the following spells:

 Spells                   Type           Power      Damage    Failure   Level
 Kiss of Death            Conj/Necr      4%         2d5       52%         1
 Mercury Vapours          Alch/Air       4%         N/A       54%         2
 Mephitic Cloud           Conj/Alch/Air  2%         N/A       80%         3
 Call Canine Familiar     Summ           0%         N/A       90%         3
 Confusing Touch          Hex            0%         N/A       90%         3
 Sigil of Binding         Hex            0%         N/A       90%         3
 Olgreb's Toxic Radiance  Alch           5%         N/A       95%         4
 Sticky Flame             Fire/Alch      2%         2d4       99%         4
 Dimensional Bullseye     Hex/Tloc       0%         N/A       100%        4
 Dispel Undead            Necr           0%         3d6       100%        4
 Death Channel            Necr           0%         N/A       100%        6
 Sculpt Simulacrum        Ice/Alch       1%         N/A       100%        6


Dungeon Overview and Level Annotations

Branches:
Dungeon (4/15)
 Temple: D:4-7

Altars:
Cheibriados
Qazlal
Yredelemnul

Shops:
D:1 ((


Innate Abilities, Weirdness & Mutations

You have a pair of horns on your head.
You reflexively headbutt those who attack you in melee.


Message History

You kill the jackal!
The jackal bites you but does no damage.
You hit the jackal.
You kill the jackal!
No target in view!
No target in view!
No target in view!
You see here a +0 chain mail.
An endoplasm is nearby!
The endoplasm hits you but does no damage.
You punch the endoplasm!
You kill the endoplasm!
No target in view!
No target in view!
You see here the +6 scale mail of Bitterness {rElec Str+6}.
Found a stone staircase leading down.
Found a stone staircase leading up.
Found a robe.
You see here the staff of the Nexus {*Corrode rC+ rN+++ Str+4 Ice}.
There is an escape hatch in the floor here.
An ogre and a dart slug come into view.
The ogre shouts!
The dart slug closely misses you.
You hit the dart slug.
The dart slug is lightly wounded.
You punch the dart slug!
You kill the dart slug!
You hit the ogre.
You headbutt the ogre, but do no damage.
You punch the ogre.
The ogre is moderately wounded.
You barely miss the ogre. Your headbutt misses the ogre.
The ogre is moderately wounded.
The ogre hits you with a +0 giant club!!
You are too injured to fight recklessly!
You hit the ogre but do no damage.
The ogre is moderately wounded.
The ogre hits you with a +0 giant club!!
Ouch! That really hurt!
You die...

## #### #.# #...#
#.# ##O#..# . ..#
#.#@.# .####.#
##..##
......########..##
......#........##
.....#.###..#..#
#..#.###.###..#
#........# #..#
#.##.##### #..#
#..#.....# #...


You could see an ogre.

Vanquished Creatures
  A scorpion (D:4)
  A bombardier beetle (D:3)
  Ijyb (D:2)
  8 gnolls (D:3)
  2 adders (D:2)
  2 dart slugs
  3 ribbon worms
  6 endoplasms
  3 giant cockroaches
  25 goblins
  2 hobgoblins
  5 jackals (D:4)
  7 kobolds
  2 quokkas
  4 ball pythons
  6 bats
  6 frilled lizards
  2 rats
86 creatures vanquished.

Notes
Turn   | Place    | Note
-------+----------+-------------------------------------------
     0 | D:1      | Kenran the Minotaur Alchemist began the quest for the Orb.
     0 | D:1      | Reached XP level 1. HP: 14/14 MP: 1/1
    47 | D:1      | Found Qafruxze's Weapon Emporium.
   148 | D:1      | Reached skill level 1 in Unarmed Combat
   238 | D:1      | Reached skill level 2 in Unarmed Combat
   238 | D:1      | Reached XP level 2. HP: 20/20 MP: 3/3
   294 | D:1      | Found Gatez's Antique Weapon Emporium.
   983 | D:2      | Identified the +1 ring mail "Nequqara" {*Slow rC+ rN+
                  | Str+3}
  1029 | D:2      | Reached skill level 3 in Unarmed Combat
  1029 | D:2      | Reached XP level 3. HP: 21/26 MP: 4/4
  1234 | D:2      | Found the +1 Delatra's gloves {ID++}
  1240 | D:2      | Identified the +3 robe of the Bagpipe {Will+ Str+4}
  1381 | D:2      | Reached skill level 4 in Unarmed Combat
  1393 | D:2      | Reached XP level 4. HP: 30/33 MP: 5/5
  1400 | D:2      | Noticed Ijyb
  1557 | D:2      | Killed Ijyb
  1706 | D:3      | Found a faded altar of an unknown god.
  1921 | D:3      | Found a faded altar of an unknown god.
  1931 | D:3      | Reached skill level 5 in Unarmed Combat
  2065 | D:3      | Reached XP level 5. HP: 37/38 MP: 6/6
  2341 | D:3      | Reached skill level 6 in Unarmed Combat
  2363 | D:3      | Noticed an ogre
  2386 | D:3      | an ogre changed into a naga
  2386 | D:3      | Noticed a naga
  2882 | D:4      | Reached XP level 6. HP: 32/45 MP: 7/7
  2962 | D:4      | Found a snail-covered altar of Cheibriados.
  2963 | D:4      | Found a stormy altar of Qazlal.
  2964 | D:4      | Found a basalt altar of Yredelemnul.
  3316 | D:4      | Identified the +6 scale mail of Bitterness {rElec Str+6}
  3391 | D:4      | Identified the staff of the Nexus {*Corrode rC+ rN+++ Str+4
                  | Ice}
  3464 | D:4      | Mangled by an ogre

Illustrated notes

Levels and vault maps discovered:
D:1:      sevenhm_arrival_forest_fort_small_4, layout_basic, serial_shops,
          nicolae_shop_tiny_waterfront, nicolae_shop_stone
D:2:      kennysheep_the_goblin_king, layout_basic, minmay_close_crescents
D:3:      layout_basic, nicolae_overflow_ecumenical_swirl,
          chequers_ecumenical_altar_simple_redux, minmay_ogre_servants
D:4:      minmay_diamond_boxcup, layout_basic,
          chequers_temple_overflow_statue_of_worship, minmay_strange_pillars

Skill      XL: |  1  2  3  4  5 |
---------------+----------------+-----
Unarmed Combat | 2 3 4 5 6 |  6.7
Dodging        | |  2.1
Stealth        | |  1.5
Spellcasting   | |  1.3
Conjurations   | |  0.6
Alchemy        | |  2.1

Action                     |  1- 3 |  4- 6 || total
---------------------------+-------+-------++-------
  Melee: Unarmed           |   108 |   153 ||   261
         Headbutt          |    15 |    17 ||    32
         Punch             |     2 |     5 ||     7
   Cast: Sting             |     1 |       ||     1
  Evoke: Wand              |       |     1 ||     1
    Use: Scroll            |       |     7 ||     7
         Potion            |       |     5 ||     5
 Armour: Ring mail         |    56 |    96 ||   152
         Skin              |       |    14 ||    14
  Dodge: Dodged            |    50 |    81 ||   131

Table legend: (Time is in decaauts)
 A = Elapsed time spent in this place.
 B = Non-inter-level travel time spent in this place.
 C = Inter-level travel time spent in this place.
 D = Time resting spent in this place.
 E = Time spent auto-exploring this place.
 F = Levels seen in this place.
 G = Mean time per level.
                   A        B        C        D        E       F      G
               +--------+--------+--------+--------+--------+-----+--------+
         Total |   3457 |   3366 |     91 |    538 |   1851 |   4 |  864.2 |
       Dungeon |   3457 |   3366 |     91 |    538 |   1851 |   4 |  864.2 |
               +--------+--------+--------+--------+--------+-----+--------+

Top non-repeatable levels by time:
     D:2: 970 daAuts
     D:3: 948 daAuts
     D:1: 878 daAuts
     D:4: 661 daAuts
